[Event "Chessable English Open-ch 2022"]
[Site "Kenilwoth"]
[Date "2022.05.19"]
[Round "1.1"]
[White "Hebden, Mark L"]
[Black "Boswell, Jacob Connor"]
[Result "1/2-1/2"]
[ECO "D12"]
[WhiteElo "2452"]
[BlackElo "2075"]
[Annotator "TA"]
[PlyCount "83"]
[EventDate "2022.05.18"]
[EventType "swiss"]
[EventCountry "ENG"]
[SourceTitle "playchess.com"]
[Source "ChessBase"]
[SourceQuality "1"]
[TimeControl "5400+30"]

1. d4 d5 2. c4 c6 3. Nf3 Nf6 4. e3 Bf5 5. Nc3 e6 6. Nh4 Be4 7. f3 Bg6 8. Qb3 Qc7 9. Bd2 {[%emt 0:01:20] D12: Slav Defence: 3 Nf3 Nf6 4 e3 Bf5.} Be7 10. Nxg6 hxg6 11. cxd5 cxd5 12. O-O-O Nc6 13. Kb1 O-O 14. Rc1 Na5 15. Qa4 Nc4 16. Bxc4 Qxc4 17. Qxc4 dxc4 18. e4 Rfd8 19. Be3 (19. Nb5 $5 ) 19... a6 {[%emt 0:07:44] [#]} 20. h4 $146 ({Predecessor:} 20. a4 Rab8 21. Bf4 Rbc8 22. Rhd1 Bb4 23. Rc2 {½-½ (23) Huzman,A (2599)-Feller,S (2570) Ohrid 2009}) 20... b5 21. g4 Nd7 22. g5 f6 23. Rcg1 f5 24. h5 gxh5 (24... fxe4 $11 25. Nxe4 gxh5) 25. g6 h4 26. exf5 b4 27. Na4 exf5 28. Bg5 Bxg5 29. Rxg5 Nf8 30. Nb6 (30. Rxh4 {is more complex.} Re8 31. Rxf5 Re1+ 32. Kc2) 30... Rab8 31. Nxc4 Rxd4 32. Ne5 {[%emt 0:00:16] [#]} (32. Ne3 $15) 32... Re8 $1 $36 {[%emt 0:03:07][%mdl 2048] Black is really pushing.} 33. Nc6 (33. Rxf5 {only move.} Rd5 34. f4) 33... Rc4 34. Na5 Rf4 35. Nc6 Re6 36. Rc1 Nxg6 37. Nd8 Rf6 38. Rc8 Nf8 {[%emt 0:00:00] Against Ne6} 39. Nc6 Rf7 {[%emt 0:00:46] [#] Against Ne7+} (39... Rxf3 $19 40. Nxb4 h3) 40. Ne5 $11 {[%emt 0:00:23] The position is equal.} Rf6 {[%emt 0:00:43] White must now prevent ...Rd4.} (40... Re7 $2 41. Ng6 (41. Rxf8+ Kxf8 42. Ng6+ Kg8 $11) 41... Re1+ 42. Kc2 Rc4+ 43. Rxc4 $18) 41. Nd7 Rf7 42. Ne5 {[%emt 0:00:11] Weighted Error Value: White=0.21 (precise) /Black=0.16 (very precise)} 1/2-1/2

[Event "Chessable English Open-ch 2022"]
[Site "Kenilwoth"]
[Date "2022.05.19"]
[Round "1.2"]
[White "Thompson, Ian D"]
[Black "Harvey, Marcus R"]
[Result "0-1"]
[ECO "B38"]
[WhiteElo "2074"]
[BlackElo "2455"]
[Annotator "TA"]
[PlyCount "100"]
[EventDate "2022.05.18"]
[EventType "swiss"]
[EventCountry "ENG"]
[SourceTitle "playchess.com"]
[Source "ChessBase"]
[SourceQuality "1"]
[TimeControl "5400+30"]

1. c4 b6 2. Nc3 Bb7 3. e4 c5 4. Nf3 Nc6 5. d4 cxd4 6. Nxd4 Nf6 7. Be2 g6 8. O-O Bg7 9. Be3 O-O 10. f3 d6 11. Qd2 Qd7 12. Rfd1 {[%emt 0:03:57] B38: Sicilian: Maroczy Bind with 5...Bg7 and 7...0-0.} Rfd8 13. Rac1 Ne8 14. b3 {[%emt 0:03:10] [#]} (14. Ndb5 $16) 14... Nc7 $146 ({Predecessor:} 14... e6 15. Nxc6 Bxc6 16. Bg5 f6 17. Be3 Qf7 18. Qe1 Rd7 19. Qf2 Kh8 20. f4 f5 21. exf5 gxf5 {½-½ (43) Witt,R (2260)-Bellon Lopez,J (2415) Wijk aan Zee 1977}) 15. Nxc6 Bxc6 16. Bd4 Bxd4+ 17. Qxd4 e5 18. Qe3 (18. Qf2 {feels hotter.} Ne6 19. Qh4 Kg7 20. Rd2) 18... Ne6 19. Bf1 Qe7 20. Ne2 Qg5 21. Qxg5 Nxg5 22. Rc2 Kf8 23. h4 Ne6 24. g3 b5 25. Bh3 bxc4 26. Bxe6 fxe6 27. Rxc4 Bb5 28. Rc2 Rac8 29. Rcd2 Ke7 30. Kf2 Rc5 31. a4 Be8 32. f4 a5 (32... exf4 {seems wilder.} 33. gxf4 Bc6 34. e5 Bd5) 33. Rc1 $1 Rxc1 34. Nxc1 $11 {[%emt 0:00:01][%mdl 4096] Endgame KRB-KRN} Rc8 35. Ne2 Rb8 36. fxe5 dxe5 37. Rc2 (37. Rd3 $11 {keeps the balance.}) 37... Rxb3 $17 38. Rc5 Bxa4 39. Rxa5 Bb5 {[%emt 0:00:07] [#] aiming for ...Rb2.} 40. Ra2 {[%emt 0:00:20] Inhibits Rb2.} Kf6 {[%emt 0:02:52] White must now prevent ...Bc6.} 41. Rc2 {[%emt 0:00:44] Inhibits Bc6.} h6 42. Rd2 $2 {[%emt 0:03:13] [#] White does not recover from this.} (42. Nc1 $17 Rb4 43. Kf3) 42... Bc6 $1 $19 43. Nc1 Rc3 44. Ne2 Ra3 45. Ng1 $2 (45. Rc2 Bxe4 46. Rc3) 45... Bxe4 46. Rb2 Bf5 47. Re2 $2 (47. Nf3) 47... Bg4 48. Rb2 e4 49. Ne2 e3+ 50. Kg2 Rd3 {[%emt 0:00:36] Weighted Error Value: White=0.56/Black=0.04 (flawless)} 0-1

[Event "Chessable English Open-ch 2022"]
[Site "Kenilwoth"]
[Date "2022.05.19"]
[Round "1.3"]
[White "Pert, Richard G"]
[Black "Khoury, Theo"]
[Result "1-0"]
[ECO "D30"]
[WhiteElo "2415"]
[BlackElo "1927"]
[Annotator "TA"]
[PlyCount "59"]
[EventDate "2022.05.18"]
[EventType "swiss"]
[EventCountry "ENG"]
[SourceTitle "playchess.com"]
[Source "ChessBase"]
[SourceQuality "1"]
[TimeControl "5400+30"]

1. d4 Nf6 2. Nf3 e6 3. c4 c5 4. e3 d5 5. cxd5 exd5 6. Bb5+ Nc6 7. O-O a6 {[%emt 0:07:59] 7...cxd4 is becoming the main line. D30: Queen's Gambit Declined: Systems without Nc3.} 8. Bxc6+ bxc6 9. Qc2 Qb6 {[%emt 0:11:02] White is slightly better.} 10. Nc3 c4 ({Better is} 10... cxd4 $14 11. exd4 Bd6) 11. b3 $16 cxb3 12. axb3 Bd6 {[%emt 0:06:25] [#]} 13. Ba3 $146 ({Predecessor:} 13. e4 dxe4 14. Nxe4 Be7 15. Ba3 Be6 16. Bxe7 Kxe7 17. Nc5 Rhd8 18. Rfe1 Rd6 19. Ng5 {1-0 (34) Uth,G-Croneis,H Wiesbaden 1998}) 13... Qc7 14. Bxd6 Qxd6 15. Na4 {[%emt 0:01:50] White is more active.} O-O (15... Nd7 $16) 16. Rfc1 Rb8 17. Ne5 {[%emt 0:02:03] Pair of Knights!} Ng4 18. Qxc6 Qe7 (18... Qd8 $142 19. Nxg4 Bxg4) 19. Nxg4 $18 ({Much less strong is} 19. Qxd5 $6 Nxe5 20. dxe5 Rb5 $16) 19... Bxg4 20. h3 Be6 21. Nc5 ({Don't play} 21. Qxa6 $6 Rxb3 22. Nc5 Rbb8 $16) 21... Rfc8 22. Qxa6 h6 23. Nxe6 Rxc1+ 24. Rxc1 {[%emt 0:00:06] [#] And now Rc8+ would win.} fxe6 $2 (24... Qxe6 25. Qa4 Qb6) 25. Rc8+ {[%emt 0:01:03] White is clearly winning.} Rxc8 26. Qxc8+ {[%emt 0:00:06] KQ-KQ} Kh7 27. Qc5 Qb7 28. b4 {[%emt 0:02:24] [#] Black must now prevent b5.} Qa6 29. Qc2+ Kg8 30. Qg6 {[%emt 0:02:21] Black got outplayed after the opening.  Weighted Error Value: White=0.02 (flawless) /Black=0.23 (precise)} (30. Qc7 $142 Qa1+ 31. Kh2) 1-0

[Event "Chessable English Open-ch 2022"]
[Site "Kenilwoth"]
[Date "2022.05.19"]
[Round "1.4"]
[White "Duncan, Patrick C M"]
[Black "Wadsworth, Matthew J"]
[Result "0-1"]
[ECO "A01"]
[WhiteElo "2013"]
[BlackElo "2432"]
[Annotator "TA"]
[PlyCount "64"]
[EventDate "2022.05.18"]
[EventType "swiss"]
[EventCountry "ENG"]
[SourceTitle "playchess.com"]
[Source "ChessBase"]
[SourceQuality "1"]
[TimeControl "5400+30"]

1. b3 e5 2. Bb2 Nc6 3. e3 Nf6 4. Nf3 e4 5. Nd4 Bc5 6. Nxc6 {[%emt 0:01:06] A01: Nimzowitsch-Larsen Opening.} dxc6 7. d4 Bd6 8. Be2 {[%emt 0:04:12] The position is equal.} h5 {[%emt 0:01:20] [#]} 9. c4 $146 ({Predecessor:} 9. Nd2 Bg4 10. h3 Bxe2 11. Qxe2 Qd7 12. Nc4 O-O-O 13. O-O-O Qf5 14. f3 Kb8 15. Ne5 Bxe5 16. dxe5 {1-0 (55) Cheng,B (2483)-Wallis,C (2380) Adelaide 2017}) 9... Bf5 10. Nc3 h4 11. h3 Rh6 12. d5 c5 13. Nb5 Rg6 14. Nxd6+ Qxd6 15. Kf1 Rg5 16. a3 Nd7 17. Bg4 (17. Kg1 $11) 17... Qg6 $15 18. Bxf5 $1 Qxf5 19. b4 O-O-O 20. bxc5 $2 {[%emt 0:06:49] Now White is beyond hope.} (20. Qa4 $15) 20... Nxc5 $19 21. Bd4 Nd3 {[%emt 0:00:10][%csl Gd3][%cal Rf5f2] [#]} 22. Ra2 Rg6 $40 {[%emt 0:00:58][%cal Ob7b5,Bg5g6,Bg6a6,Ba6c6][%mdl 160] Black goes for the king.} 23. Qa4 Ra6 24. Qc2 c5 25. dxc6 (25. Bc3 {might work better.}) 25... Rxc6 26. c5 (26. Kg1 {was called for.}) 26... Nxc5 {[%emt 0:01:57] [#] aiming for ...Ne6.} 27. Qe2 (27. Kg1 $142) 27... Nb3 28. Rc2 (28. g4 $142 hxg3 29. Kg2) 28... Nxd4 29. exd4 Rxd4 {[%emt 0:01:26][%cal Oe4e3] ...e3! is the strong threat.} 30. Rxc6+ bxc6 31. Qa6+ Kb8 {[%emt 0:00:08] ( -> ...e3)} 32. Ke2 Qh5+ {[%emt 0:01:32] Weighted Error Value: White=0.75/Black=0.07 (flawless)} 0-1

[Event "Chessable English Open-ch 2022"]
[Site "Kenilwoth"]
[Date "2022.05.19"]
[Round "1.5"]
[White "Roberson, Peter T"]
[Black "Ireland, David J"]
[Result "1-0"]
[ECO "C43"]
[WhiteElo "2421"]
[BlackElo "2000"]
[Annotator "TA"]
[PlyCount "67"]
[EventDate "2022.05.18"]
[EventType "swiss"]
[EventCountry "ENG"]
[SourceTitle "playchess.com"]
[Source "ChessBase"]
[SourceQuality "1"]
[TimeControl "5400+30"]

1. e4 e5 2. Nf3 Nf6 3. d4 exd4 4. e5 Ne4 5. Qxd4 d5 6. exd6 Nxd6 7. Nc3 Nc6 8. Qf4 Bf5 9. Bb5 Be7 10. Be3 {[%emt 0:06:26] C43: Petroff Defence: 3 d4.} O-O 11. O-O-O {[%emt 0:01:43][%cal Od1d6] [#] And now Rxd6! would win.} Qc8 {[%emt 0:03:56] [#]} 12. h4 $146 {[%emt 0:11:13][%cal Bh2h4,Bh4h5][%mdl 32] White is slightly better.} (12. Bxc6 $5 bxc6 13. Rhe1 $11) ({Predecessor:} 12. Bxc6 bxc6 13. Rhe1 Re8 14. Bc5 Bg6 15. Ne5 Bf6 16. Nxg6 hxg6 17. Rxe8+ Qxe8 18. Bd4 Bxd4 19. Rxd4 Nb5 20. Re4 Qd7 21. Qe3 Nd6 22. Ra4 Re8 {½-½ (22) Persson,B (2024)-Hubal,M (2058) ICCF email 2015}) 12... Bf6 13. Bxc6 {[%emt 0:03:02] aiming for Bd5.} bxc6 14. Bd4 {[%emt 0:01:36] Strongly threatening Bxf6. White is more active.} Bxd4 15. Nxd4 Re8 16. h5 c5 17. Nxf5 Qxf5 18. Qxf5 Nxf5 19. Rd5 Nd4 20. Rxc5 Ne2+ 21. Nxe2 Rxe2 $16 {[%emt 0:00:05][%mdl 4096] Endgame KRR-KRR} 22. Rf1 h6 (22... Rc8 $16 {was called for.} 23. g4 Kf8) 23. Rxc7 $18 a5 24. a4 Rd8 (24... Re5 $142 25. b3 Rxh5) 25. b3 Rdd2 26. g3 Kf8 27. f3 Ke8 28. g4 Kd8 29. Rc5 {[%emt 0:00:12] White is clearly winning.} Ke7 30. Rd1 Rxd1+ 31. Kxd1 Rf2 32. Rxa5 Rxf3 33. Rf5 Rg3 34. Rf4 {[%emt 0:00:17] Black got outplayed after the opening.  Weighted Error Value: White=0.08 (flawless) /Black=0.33} 1-0

[Event "Chessable English Open-ch 2022"]
[Site "Kenilwoth"]
[Date "2022.05.19"]
[Round "1.6"]
[White "Hepworth, Peter"]
[Black "Willow, Jonah B"]
[Result "0-1"]
[ECO "E14"]
[WhiteElo "1843"]
[BlackElo "2401"]
[Annotator "TA"]
[PlyCount "68"]
[EventDate "2022.05.18"]
[EventType "swiss"]
[EventCountry "ENG"]
[SourceTitle "playchess.com"]
[Source "ChessBase"]
[SourceQuality "1"]
[TimeControl "5400+30"]

1. d4 Nf6 2. Nf3 d5 3. e3 e6 4. Bd3 Be7 5. O-O O-O 6. Nbd2 b6 7. b3 Bb7 8. Bb2 c5 9. c4 Nc6 10. Ne5 {[%emt 0:05:02] E14: Queen's Indian: Classical Variation (4 e3).} dxc4 11. Nxc6 Bxc6 12. bxc4 {[%emt 0:00:44] [#] The position is equal.} Qc7 $146 ({Predecessor:} 12... Rc8 13. Rc1 Qd7 14. Nf3 Qb7 15. Bb1 Rfd8 16. Qe2 b5 17. dxc5 bxc4 18. Rfd1 Rxd1+ 19. Rxd1 Bxf3 20. gxf3 Rxc5 {0-1 (41) Tsiganova,M (2189)-Kozjukova,O (2045) Tallinn 2009}) 13. Qe2 Rfd8 $40 {[%emt 0:02:59][%mdl 128] Black attacks.} 14. Rad1 Rac8 15. f4 cxd4 16. exd4 Re8 17. h3 Bb7 18. Qf2 Rcd8 19. Qe3 Bd6 20. Qg3 $2 (20. Kh2 $11 {and White has nothing to worry.}) 20... g6 $2 ({Black should play} 20... Nh5 $1 $19 21. Qh4 g6) 21. Qg5 (21. Be2 $11 {and White is okay.}) 21... Nh5 $19 22. Be4 Ba6 23. Qh4 Bxf4 24. Rf3 f5 25. g4 fxe4 (25... Bxd2 $19 {is more deadly.} 26. Bd3 Bb7 27. gxh5 Bxf3 28. Rxd2 Bxh5) 26. Nxe4 $17 {[%emt 0:00:31] [#]} Rf8 27. Rdf1 $2 (27. gxh5 $17 {lives longer.} Bh2+ 28. Kg2 Rxf3 29. d5) 27... Bxc4 $19 28. gxh5 g5 ({Inferior is} 28... Bh2+ 29. Kh1 Bxf1 30. Nf6+ Kh8 31. d5 $11) 29. Rxf4 (29. Nxg5 $142 Be3+ 30. Kh1 Bxf1 31. Rxe3) 29... gxh4 30. Rg4+ {[%emt 0:00:04] [#]} Qg7 $3 31. Nf6+ (31. Rxg7+ Kxg7) 31... Kh8 {[%emt 0:00:29] Black is clearly winning.} ({Not} 31... Rxf6 $2 32. Rxf6 Qxg4+ 33. hxg4 $19) 32. d5 (32. Rxg7 $142 Kxg7 33. Rf4) 32... Bxf1 33. Rxg7 Kxg7 34. h6+ Kg6 {[%emt 0:00:20] Weighted Error Value: White=1.12/Black=0.39} 0-1

[Event "Chessable English Open-ch 2022"]
[Site "Kenilwoth"]
[Date "2022.05.19"]
[Round "1.7"]
[White "Jackson, James P"]
[Black "Southcott-Moyers, Indy"]
[Result "1/2-1/2"]
[ECO "C54"]
[WhiteElo "2400"]
[BlackElo "2028"]
[Annotator "TA"]
[PlyCount "98"]
[EventDate "2022.05.18"]
[EventType "swiss"]
[EventCountry "ENG"]
[SourceTitle "playchess.com"]
[Source "ChessBase"]
[SourceQuality "1"]
[TimeControl "5400+30"]

1. e4 e5 2. Nf3 Nc6 3. Bc4 Bc5 4. c3 Nf6 5. d3 d6 6. O-O h6 7. Re1 O-O 8. h3 (8. b4 $5 Bb6 9. a4 $11) 8... a5 {[%emt 0:00:08] 8...Bb6 is the modern continuation. C54: Giuoco Piano: 4 c3 Nf6, main lines with 5 d4 and 5 d3.} 9. d4 Bb6 10. Bb3 Re8 11. Bc2 exd4 12. cxd4 Nb4 $1 13. Nc3 Nxc2 14. Qxc2 {[%emt 0:00:07] [#]} Be6 $146 ({Predecessor:} 14... d5 15. e5 Ne4 16. Be3 Bf5 17. Nd2 Bg6 18. Ndxe4 dxe4 19. Rad1 Ra6 20. Qb3 Qd7 {½-½ (38) Haria,R (2490)-Adams,M (2700) London 2021}) 15. d5 Bd7 16. Be3 c6 17. dxc6 Bxc6 18. Bd4 Rc8 19. Qd3 Nd7 20. Rad1 Ne5 21. Qe2 {[%emt 0:11:23] aiming for Bxe5.} Nxf3+ 22. Qxf3 Bxd4 23. Rxd4 Qb6 24. Rxd6 Qxb2 25. Re3 Qb4 26. Qf4 Rcd8 27. Rxd8 (27. Rxh6 $5 gxh6 28. Qxh6 $11) 27... Rxd8 28. Qc7 Rd7 29. Qb8+ (29. Qe5 $15) 29... Qf8 30. Qe5 a4 31. Rg3 f6 32. Qh5 Qd6 33. Qe8+ Qf8 34. Qg6 Qd6 35. Qg4 b5 36. a3 Qe5 37. Kh2 (37. f4 $11 {keeps the balance.} Qe7 38. Qf5) 37... h5 $17 38. Qh4 (38. f4 $17 {is a better chance.} hxg4 39. fxe5) 38... Rd3 $1 $19 39. Nd5 Bxd5 40. exd5 Rxg3 $2 (40... Rd4 $19 {and Black stays clearly on top.} 41. Qxd4 Qxd4) 41. fxg3 $17 Qxd5 $19 {[%emt 0:00:08][%mdl 4096] Endgame KQ-KQ} 42. Qb4 Qe5 43. h4 {[%emt 0:00:19] [#]} g5 $1 44. hxg5 fxg5 {[%emt 0:00:01] Threatens to win with ...h4.} 45. Kg1 $2 {[%emt 0:01:25][%mdl 8192] [#]} (45. Kh1 $17 {nothing else works.}) 45... Qxg3 $2 (45... h4 $1 $19 46. Qd2 hxg3) 46. Qxb5 $15 Qe1+ (46... Qxa3 $15 47. Qxg5+ Kf8) 47. Kh2 $11 Qh4+ 48. Kg1 Qe1+ 49. Kh2 Qh4+ {[%emt 0:00:05] Weighted Error Value: White=0.69/Black=0.40} 1/2-1/2

[Event "Chessable English Open-ch 2022"]
[Site "Kenilwoth"]
[Date "2022.05.19"]
[Round "1.8"]
[White "Wells, Daniel J"]
[Black "Derakhshani, Borna"]
[Result "0-1"]
[ECO "B12"]
[WhiteElo "2020"]
[BlackElo "2388"]
[Annotator "TA"]
[PlyCount "88"]
[EventDate "2022.05.18"]
[EventType "swiss"]
[EventCountry "ENG"]
[SourceTitle "playchess.com"]
[Source "ChessBase"]
[SourceQuality "1"]
[TimeControl "5400+30"]

1. e4 c6 2. d4 d5 3. e5 Bf5 4. Nf3 e6 5. Be2 Ne7 6. O-O Bg6 7. Nbd2 Nf5 {[%emt 0:00:52] B12: Caro-Kann: Advance Variation.} 8. a3 {[%emt 0:02:19] [#]} Be7 $146 ({Predecessor:} 8... Nd7 9. Nb3 a6 10. Bd2 c5 11. dxc5 Bxc5 12. Nxc5 Nxc5 13. Bb4 b6 14. a4 Qc7 {0-1 (39) Cubas,J (2470)-Svetushkin,D (2543) Baku 2016}) 9. b4 a5 {[%emt 0:00:22] The position is equal.} 10. b5 O-O 11. a4 Nd7 12. Bb2 Rc8 13. c4 dxc4 14. Nxc4 Bh5 15. Rc1 cxb5 16. axb5 Bb4 17. h3 Ne7 $1 18. Ng5 Bg6 19. Bd3 {[%emt 0:06:53] [#]} (19. Nd6 $11) 19... Nb6 $1 $17 20. Ne3 Rxc1 21. Bxc1 Bxd3 ({Black should play} 21... Ned5 $17 {Threatens to win with ...Nc3.} 22. Nxd5 Qxd5) 22. Qxd3 $15 Ng6 23. h4 Re8 (23... h6 $17 24. Nxe6 Nxe5) 24. f4 $11 h6 25. h5 Nf8 26. Nf3 Nd5 $36 {[%emt 0:02:51][%mdl 2048] Black has some pressure.} 27. f5 Nxe3 28. Bxe3 {[%emt 0:00:06][%cal Of5f6] And now f6! would win.} exf5 29. Qxf5 Qd7 30. Qe4 Qxb5 {[%emt 0:01:26] Black wants to play ...Ne6.} 31. Nh4 {[%emt 0:00:54] Strongly threatening Qg4.} Qe2 {[%emt 0:00:44] Prevents Qg4.} 32. Rf3 (32. Nf5 $11 {remains equal.} Bd2 33. Rf2 Qd1+ 34. Rf1) 32... Qe1+ $2 (32... Bd2 $17 {aiming for ...Ne6.} 33. Nf5 Ne6) 33. Kh2 Ne6 {[%emt 0:03:18] Inhibits Qf4.} 34. Nf5 Ng5 35. Qg4 Bd2 36. Bxg5 Bxg5 (36... hxg5 $2 37. h6 g6 38. h7+ (38. Nd6 Rf8 $11) 38... Kh8 39. Nd6 $18) 37. Nd6 Rf8 {[%emt 0:00:00] [#]} 38. Nxb7 (38. Nxf7 $1 $14 Qh4+ 39. Qxh4 Bxh4 40. e6) 38... Be3 {[%emt 0:00:00] White must now prevent ...Qg1+.} 39. d5 $2 (39. Nd6 $11 {and White is okay.}) 39... Bg1+ $19 {[%emt 0:00:00] Black is clearly winning.} 40. Kh3 Qxe5 41. Rg3 f5 42. Qg6 f4 43. Rf3 Rf6 44. Qg4 Rf5 {[%emt 0:00:00] Weighted Error Value: White=0.67/Black=0.18 (very precise)} 0-1

[Event "Chessable English Open-ch 2022"]
[Site "Kenilwoth"]
[Date "2022.05.19"]
[Round "1.9"]
[White "Arkell, Keith C"]
[Black "Shearsby, Jude"]
[Result "1-0"]
[ECO "A48"]
[WhiteElo "2367"]
[BlackElo "1849"]
[Annotator "TA"]
[PlyCount "155"]
[EventDate "2022.05.18"]
[EventType "swiss"]
[EventCountry "ENG"]
[SourceTitle "playchess.com"]
[Source "ChessBase"]
[SourceQuality "1"]
[TimeControl "5400+30"]

1. d4 Nf6 2. Nf3 g6 3. b4 Bg7 4. Bb2 O-O 5. e3 c6 6. Nbd2 {[%emt 0:00:29] A48: 1 d4 Nf6 2 Nf3 g6: Torre, London and Colle Systems.} d6 7. Be2 {[%emt 0:00:39] [#]} a5 $146 ({Predecessor:} 7... Nbd7 8. O-O Qc7 9. c4 e5 10. Qc2 Re8 11. a3 exd4 12. Nxd4 a6 13. h3 Rb8 {1-0 (76) Tregubov,A (2344)-Loskutov,O (2439) Moscow 2012}) 8. b5 {[%emt 0:00:09] The position is equal.} a4 9. Rb1 Be6 10. bxc6 bxc6 11. c4 Qa5 12. O-O Na6 13. e4 Rfb8 14. a3 Ra7 (14... Nh5 $11) 15. Qc2 $14 Rab7 (15... Bg4 $14) 16. Bc3 $16 Qc7 17. Rxb7 Rxb7 18. Qxa4 Bd7 19. c5 ({Don't play} 19. Qxa6 $6 Ra7 20. Ba5 Qxa5 21. Qxa5 Rxa5 $11) 19... Nb8 20. Ba5 Qc8 21. Bb4 d5 22. e5 Nh5 23. Re1 Nf4 24. Bf1 Bf5 25. Qb3 Ne6 26. Qe3 Ra7 27. Nh4 Bc2 28. Rc1 Ba4 29. f4 Bh6 30. g3 Na6 31. Ba5 Ra8 32. Bb6 Nac7 33. Bxc7 Nxc7 34. Rb1 Bb5 35. Rb4 Bxf1 36. Nxf1 Qa6 {[%emt 0:00:03] Prevents Qd3.} (36... Qg4 $1 $14) 37. a4 Qa5 38. Qb3 Ne6 39. Nf3 Kg7 40. Ne3 Qa6 41. Ng2 (41. Qd1 $18) 41... Qe2 42. h4 f6 $2 (42... Kg8 $16 43. Rb6 Rxa4 44. Qxa4 Qxf3) 43. exf6+ exf6 44. Qe3 Qd1+ 45. Qe1 (45. Nge1 $18 Re8 46. Kf2) 45... Qxf3 $2 (45... Qxe1+ $16 46. Ngxe1 Kf7) 46. Rb7+ $18 Kh8 47. Qxe6 Bg7 48. Qf7 {[%emt 0:02:36][%csl Gb7][%cal Rf7g7] [#] Active counter play!} Rg8 49. Re7 {[%emt 0:00:49] Re8 would kill now.} h6 50. Qxg6 {[%emt 0:00:54] And now Kh2 would win.} Qd1+ 51. Kh2 {[%emt 0:00:21] Hoping for a5.} Qxa4 (51... Qxd4 $142 52. Rf7 Qxc5 53. Rxf6 Qd4 54. Rxc6 (54. Rf7 Qg1+ 55. Kxg1 Bd4+ 56. Kh2 Rxg6 $16) 54... Qxa4) 52. Qd3 Qc4 53. Qxc4 dxc4 {[%emt 0:00:03][%mdl 4096] Endgame KRB-KRN} 54. Ne3 c3 55. Nc2 Ra8 56. Re3 f5 57. Rxc3 Ra4 58. Re3 Rc4 $2 (58... Kg8 {is tougher.} 59. Re2 h5) 59. Re2 {[%emt 0:00:01] Threatens to win with Re8+.} Kg8 $2 (59... Bxd4 60. Nxd4 Rxd4) 60. Ne3 Rxd4 61. Nxf5 Rc4 62. Re8+ Bf8 63. Nxh6+ Kg7 64. Nf5+ Kf7 65. Rc8 Rxc5 66. Nd4 {[%emt 0:00:48][%cal Oc8f8] Rxf8+! is the strong threat.} Rc4 67. Nxc6 {[%emt 0:00:21] White wants to mate with Ne5+.} Kg7 68. Rc7+ Kf6 {[%emt 0:00:59] [#]} 69. Ne7 (69. Rf7+ $142 $3 Kxf7 (69... Ke6 70. Nd8+) 70. Ne5+ Kf6 71. Nxc4) 69... Rxc7 (69... Rd4 $18 70. Ng8+ Ke6) 70. Nd5+ {[%emt 0:00:01] White mates.} Kf5 71. Nxc7 {[%emt 0:00:05] KB-KN} Kg4 72. Nd5 Bh6 73. Kg2 Bf8 74. Ne3+ Kh5 75. Kh3 Bc5 76. g4+ Kg6 77. h5+ Kh7 78. Nf5 {[%emt 0:00:12] Weighted Error Value: White=0.22 (precise) /Black=0.33} 1-0

[Event "Chessable English Open-ch 2022"]
[Site "Kenilwoth"]
[Date "2022.05.19"]
[Round "1.10"]
[White "Larkin, Benjamin"]
[Black "Ashton, Adam G"]
[Result "0-1"]
[ECO "C58"]
[WhiteElo "1853"]
[BlackElo "2366"]
[Annotator "TA"]
[PlyCount "92"]
[EventDate "2022.05.18"]
[EventType "swiss"]
[EventCountry "ENG"]
[SourceTitle "playchess.com"]
[Source "ChessBase"]
[SourceQuality "1"]
[TimeControl "5400+30"]

1. e4 e5 2. Nf3 Nc6 3. Bc4 Nf6 4. Ng5 d5 5. exd5 Na5 6. Bb5+ c6 7. dxc6 bxc6 8. Bd3 {[%emt 0:00:10] is more profitable than 8.Be2 at the moment.} Nd5 {[%emt 0:03:53] C58: Two Knights: 4 Ng5 d5 5 exd5 Na5 sidelines.} 9. Nf3 ({Inferior is} 9. Qh5 g6 10. Nxf7 gxh5 $17) 9... Bd6 10. O-O O-O {[%emt 0:01:47] White is slightly better.} 11. Re1 Qc7 12. Bf1 Bg4 13. h3 Bh5 14. c4 {[%emt 0:04:11] [#]} Nf6 $146 ({Predecessor:} 14... Nf4 15. d3 Ne6 16. Be2 Rad8 17. Nc3 Bxf3 18. Bxf3 f5 19. Bd2 e4 20. dxe4 Bf4 21. Bxf4 Nxf4 {1-0 (58) Bortnyk,O (2495)-Okara,A (2347) Loo 2014}) 15. Nc3 $36 {[%emt 0:03:13][%mdl 2048] Inhibits e4. White has good play.} Rfe8 16. g4 Bg6 17. Nh4 Bc5 18. d3 Rad8 19. Nxg6 hxg6 20. Qf3 {[%emt 0:02:16] Inhibits e4.} Bd4 21. Ne4 ({White should play} 21. Bd2 $16) 21... Nxe4 $11 22. Qxe4 Nb7 23. Qe2 Nc5 {[%emt 0:02:00] Strongly threatening ...e4.} 24. Be3 e4 ({Better is} 24... f6 $11) 25. dxe4 $14 Rxe4 26. Rad1 (26. Qf3 $1 $14 {is more appropriate.}) 26... Bxe3 $11 27. Rxd8+ Qxd8 28. fxe3 Qg5 29. Bg2 {[%emt 0:00:27] [#] Hoping for b4.} Re6 30. e4 Qe5 31. b4 Nd7 32. Rd1 Rd6 33. c5 Rd4 34. Kh1 Nf8 35. Rxd4 Qxd4 {[%emt 0:00:07][%mdl 4096] Endgame KQB-KQN} 36. Qe1 Nd7 37. e5 Nxe5 38. Bxc6 Nxc6 39. Qe8+ Kh7 {[%emt 0:00:02] And now ...Ne5 would win.} 40. Qxc6 Qxb4 {[%emt 0:00:39] KQ-KQ} 41. Qd5 Qe1+ 42. Kg2 Qe2+ 43. Kg3 Qe3+ 44. Qf3 (44. Kg2 $11) 44... Qg1+ $17 45. Kh4 $2 {[%emt 0:01:27][%mdl 8192] [#]} (45. Qg2 $17 Qxc5 46. Qf3) 45... Qe1+ 46. Kg5 f6+ {[%emt 0:00:20] Weighted Error Value: White=0.31/Black=0.09 (flawless)} 0-1